 Dungeon Crawl Stone Soup version 0.31-a0-232-gb1c03b2570 (webtiles) character file.

Game seed: 2039517121712979220

67 qw the Shooter (level 4, -3/26 HPs)
             Began as a Gargoyle Hexslinger on July 7, 2023.
             Slain by Sigmund
             ... wielding a +0 scythe
              (10 damage)
             ... on level 2 of the Dungeon.
             The game lasted 00:00:40 (1079 turns).

qw the Shooter (Gargoyle Hexslinger)                Turns: 1079, Time: 00:00:41

Health: -3/26      AC:  6    Str: 11    XL:     4   Next: 16%
Magic:  5/5        EV: 11    Int: 14    God:
Gold:   82         SH:  0    Dex: 14    Spells: 4/5 levels left

rFire   . . .        Y - +1 orcbow
rCold   . . .        (shield currently unavailable)
rNeg    + . .        h - +0 leather armour
rPois   inf          (no helmet)
rElec   +            (no cloak)
rCorr   .            (no gloves)
SInv    .            (no boots)
Will    .....        (no amulet)
Stlth   +            (no ring)
HPRegen 0.24/turn    (no ring)
MPRegen 0.09/turn

%: no passive effects
@: no status effects
A: sickness immunity, AC +3, negative energy resistance 1, electricity
resistance, torment resistance 1, petrification resistance
a: no special abilities


You were on level 2 of the Dungeon.
You visited 1 branch of the dungeon, and saw 2 of its levels.

You collected 82 gold pieces.


Innate Abilities, Weirdness & Mutations

You are immune to sickness and miasma.
Your stone body is resilient. (AC +3)
You are immune to poison.
You resist negative energy. (rN+)
You are resistant to electric shocks. (rElec)
You are resistant to unholy torment.
You are immune to petrification.


   Skills:
 - Level 2.0 Fighting
 + Level 4.0 Ranged Weapons
 - Level 1.5 Dodging
 - Level 1.0 Spellcasting
 - Level 2.6 Hexes


You had 4 spell levels left.
You knew the following spells:

 Your Spells              Type           Power      Damage    Failure   Level
a - Slow                  Hex            32%        N/A       12%         1

Your spell library contained the following spells:

 Spells                   Type           Power      Damage    Failure   Level
 Inner Flame              Hex/Fire       4%         N/A       52%         3
 Portal Projectile        Hex/Tloc       8%         N/A       52%         3
 Cause Fear               Hex            4%         N/A       75%         4

Inventory:

Hand Weapons
 Y - a +1 orcbow (weapon)
Armour
 h - a +0 leather armour (worn)
Scrolls
 b - a scroll of teleportation {unknown}
 f - 2 scrolls of identify
Potions
 a - a potion of lignification {unknown}
 c - a potion of might {unknown}
 d - a potion of berserk rage {unknown}
 e - a potion of mutation {unknown}

Dungeon Overview and Level Annotations

Branches:
Dungeon (2/15)

Altars:

Annotations:
D:1 1 transporter
D:2 Sigmund


Message History

Enter note:
Enter note:
Enter note:
Enter note: You shoot an arrow.
The arrow hits the worm!
The worm is severely wounded.
You shoot an arrow. The arrow hits the worm!
You kill the worm!
Your Ranged Weapons skill increases to level 4!
You see here a worm corpse.
You see here a worm corpse.
Things that are here:
a jackal corpse; a jackal corpse; a jackal corpse
Found a Fen Folio.
Enter note:
Enter note:
Enter note:
Enter note:
Enter note:
Enter note: Sigmund the Dreaded comes into view.
He is wielding a +0 scythe.
Sigmund shouts!
Sigmund gestures at you while chanting.
You are confused.
Sigmund points at you and mumbles some strange words.
You are more confused.
Sigmund closely misses you.
Sigmund hits you from afar with a +0 scythe!
Sigmund hits you but does no damage.
Sigmund casts a spell.
Sigmund flickers and vanishes!
Deactivating autopickup; reactivate with Ctrl-A.
You shoot an arrow.
You feel less confused. Something hits you.
You shoot an arrow. Something hits you!
You shoot an arrow. Something hits you!
You die...

.########## #.# #.##.###.#
.................#.# #.....##.#
.#...........#:..#.##############
.#......... .....#.##.#.#...#.#.#
.#......... ....#....#...#...#..
#....(..............#...#.#.#...#
#.#.######.#.##.{##.#...#.#.#...#
..#......#.......##...#...#...#..
#.#.####.# #.#.#@##.#.#.#...#.#.#
#.#....# # #.#.##.#############
..#.##.# #.........# #.....
..#.##.# #.......#.# #.####
....##.# ###.##.##.#####.#
..####.# #.>..%........# .......#
#..#.#.######.# ##############
#..#.#.# #.# #....# #....#.####
#.####


There were no monsters in sight!

Vanquished Creatures
  2 worms (D:2)
  2 dart slugs (D:1)
  5 endoplasms
  2 giant cockroaches (D:2)
  4 goblins
  6 hobgoblins
  4 jackals (D:2)
  3 quokkas
  3 ball pythons
  2 bats (D:1)
  3 frilled lizards
  7 kobolds
  10 rats
53 creatures vanquished.

Notes
Turn   | Place    | Note
-------+----------+-------------------------------------------
     0 | D:1      | qw the Gargoyle Hexslinger began the quest for the Orb.
     0 | D:1      | Reached XP level 1. HP: 12/12 MP: 2/2
     0 | D:1      | 0 ||| qw: Version: 0.3-a-46-gb1f654a
     0 | D:1      | 0 ||| qw: Game counter: 2388
     0 | D:1      | 0 ||| qw: Melee chars always use a shield: true
     0 | D:1      | 0 ||| qw: God list: Okawaru
     0 | D:1      | 0 ||| qw: Allow faded altars: false
     0 | D:1      | 0 ||| qw: Do Orc after clearing Dungeon:15 true
     0 | D:1      | 0 ||| qw: Do second Lair branch before Depths: true
     0 | D:1      | 0 ||| qw: Lair rune preference: random
     0 | D:1      | 0 ||| qw: Goals: Normal
     0 | D:1      | 0 ||| PLANNING D:1-11
    97 | D:1      | Reached XP level 2. HP: 16/16 MP: 3/3
   178 | D:1      | Reached skill level 3 in Ranged Weapons
   384 | D:1      | Reached XP level 3. HP: 21/21 MP: 4/4
   432 | D:1      | 432 ||| SWAPPING to +0 orcbow.
   435 | D:1      | 435 ||| DROPPING +1 sling.
   568 | D:1      | 568 ||| UPGRADING to +0 leather armour.
   578 | D:1      | 578 ||| DROPPING +0 robe.
   579 | D:1      | 579 ||| READING scroll labelled FIGUMM JUUSA.
   580 | D:1      | 580 ||| READING scroll labelled GOL BUYKAZUEMU.
   581 | D:1      | 581 ||| READING 2 scrolls labelled ENEGYO WEHOAZ.
   582 | D:1      | 582 ||| READING scroll labelled BIDWASCH SEIG.
   583 | D:1      | 583 ||| DROPPING scroll of poison.
   934 | D:2      | Reached XP level 4. HP: 26/26 MP: 5/5
  1019 | D:2      | Reached skill level 4 in Ranged Weapons
  1064 | D:2      | Noticed Sigmund
  1078 | D:2      | HP: 6/26 [something (7)]
  1079 | D:2      | Slain by Sigmund

Levels and vault maps discovered:
D:1:      spicycebolla_arrival_risky_transporter, layout_rooms
D:2:      minmay_thinvault, layout_basic, minmay_misc_feat_rows,
          dk_noncrumbling_3, minmay_misc_feat_alley, grunt_decor_clamped,
          uniq_sigmund

Skill      XL: |  1  2  3  4 |
---------------+-------------+-----
Ranged Weapons | 3 4 |  4.0
Fighting       | 2 |  2.0
Dodging        | |  1.5
Spellcasting   | |  1.0
Hexes          | |  2.6

Action                     |  1- 3 |  4- 6 || total
---------------------------+-------+-------++-------
   Fire: Sling             |    87 |       ||    87
         Orcbow            |    67 |    13 ||    80
    Use: Scroll            |     4 |       ||     4
 Armour: Robe              |     6 |       ||     6
         Leather armour    |     7 |     2 ||     9
  Dodge: Dodged            |    52 |     2 ||    54

Table legend:
 A = Non-vault XP
 B = Vault XP
 C = Vault XP percentage of total XP
 D = Non-vault monster count
 E = Vault monster count
 F = Vault count percentage of total count
                 A         B        C        D         E       F
            +---------+---------+-------+---------+---------+-------
      Total |      78 |      18 |  18.8 |      44 |       9 |  17.0
            +---------+---------+-------+---------+---------+-------
        D:1 |      43 |       0 |   0.0 |      25 |       0 |   0.0
        D:2 |      35 |      18 |  34.0 |      19 |       9 |  32.1
            +---------+---------+-------+---------+---------+-------
